cohdb
Replays
Latest Replays
All Replays
Popular Replays
Top Player Replays
Match Explorer
How It Works
Community
CoH3 Stats
Reddit
Sign in to upload your games and track your stats! →
Sign in with Steam
Match 46574168
Unlisted
Match 46574168
Overview
Messages
Build Orders
End
Construct Infanterie Kompanie
Selects Luftwaffe Battlegroup
Selects Luftwaffe Pioneer Support
Fallschirmpioneer Squad Paradrop
Grenadier Squad
Grenadier Squad
Grenadier Squad
Construct Panzergrenadier Kompanie
Selects Reconnaissance Run
Panzergrenadier Squad
Pak 40 Anti-tank Gun Team
Selects Fallschirmjäger Squad Paradrop
Fallschirmjäger Squad Paradrop
plsbenice
rocketpossum
0
0
Comments
sign in to comment!
No comments posted yet!